 Dungeon Crawl Stone Soup version 0.30-a0-808-g6e0788376e (webtiles) character file.

Game seed: 3429749653494954521

508110 Ceno the Impaler (level 25, -4/248 HPs)
             Began as a Naga Venom Mage on Feb 25, 2023.
             Was a High Priest of Okawaru.
             Slain by a vault guard
             ... wielding a +3 great sword
              (17 damage)
             ... on level 5 of the Vaults.
             The game lasted 04:23:39 (64339 turns).

Ceno the Impaler (Naga Venom Mage)                 Turns: 64339, Time: 04:23:39

Health: -4/248     AC: 34    Str: 23    XL:     25   Next: 4%
Magic:  18/31      EV: 28    Int: 26    God:    Okawaru [*****.]
Gold:   3596       SH:  0    Dex: 17    Spells: 13/40 levels left

rFire   + + +      SeeInvis +    a - +6 bardiche (freeze)
rCold   + . .      Faith    .    (shield currently unavailable)
rNeg    . . .      Spirit   .    l - +6 fire dragon scales of Ycwighaw {rF++ rC- Int+3}
rPois   +          Reflect  .    (helmet restricted)
rElec   +          Harm     .    S - scarf {rC+ rF+}
rCorr   +          Rampage  .    f - +1 pair of gloves "Coeriuf" {Fly Regen+ Str+5}
Will    +....                    L - +1 barding of the Everdark {rF+ rC+ Regen+ Str+2}
Stlth   ++                       N - amulet of Kipodder {Acrobat +Blink +Inv Dex+4}
HPRegen 2.21/turn                w - ring of Puzisa {rElec rCorr Str+4}
MPRegen 0.22/turn                h - ring of wizardry

@: mighty, weak-willed, finesse-ful, marked, acrobatic, flying, very slow
A: AC +8, large, see invisible, deformed body, poison resistance, slowness 2,
spit poison 2, naga tail 2, horns 1, low MP 1, weak 1, inability to drink after
injury 1
}: 3/15 runes: decaying, slimy, gossamer
a: Breathe Poison Gas, Renounce Religion, Evoke Blink, Evoke Invisibility,
Heroism, Finesse, Duel


You were on level 5 of the Vaults.
You worshipped Okawaru.
Okawaru was extremely pleased with you.
You visited 10 branches of the dungeon, and saw 48 of its levels.
You also visited: Bailey and Volcano.

You collected 6658 gold pieces.
You spent 3062 gold pieces at shops.

Inventory:

Hand Weapons
 a - a +6 bardiche of freezing (weapon)
 b - a +2 glaive of flaming
Missiles
 q - 291 stones (quivered)
 E - 3 throwing nets
 J - 10 curare-tipped darts
Armour
 f - the +1 pair of gloves "Coeriuf" (worn) {Fly Regen+ Str+5}
   (You acquired it on level 14 of the Dungeon)

   Str:       It affects your strength (+5).
   Fly:       It grants you flight.
   Regen:     It increases your rate of health regeneration.
 l - the +6 fire dragon scales of Ycwighaw (worn) {rF++ rC- Int+3}
   (You found it in a volcano)

   Int:       It affects your intelligence (+3).
   rF:        It greatly protects you from fire.
   rC:        It makes you vulnerable to cold.
 L - the +1 barding of the Everdark (worn) {rF+ rC+ Regen+ Str+2}
   (You acquired it on level 9 of the Dungeon)

   Str:       It affects your strength (+2).
   rF:        It protects you from fire.
   rC:        It protects you from cold.
   Regen:     It increases your rate of health regeneration.
 S - a scarf of resistance (worn)
Jewellery
 c - a ring of protection from cold
 h - a ring of wizardry (right hand)
 w - the ring of Puzisa (left hand) {rElec rCorr Str+4}
   (You took it off a wizard on level 4 of the Vaults)

   [ring of resist corrosion]

   Str:       It affects your strength (+4).
   rElec:     It insulates you from electricity.
   rCorr:     It protects you from acid and corrosion.
 F - the ring "Foph" {rN+ SInv}
   (You found it on level 3 of the Depths)

   [ring of see invisible]

   rN:        It protects you from negative energy.
   SInv:      It lets you see invisible.
 N - the amulet of Kipodder (around neck) {Acrobat +Blink +Inv Dex+4}
   (You found it on level 3 of the Depths)

   [amulet of the acrobat]

   It increases your evasion while moving and waiting.
   Dex:       It affects your dexterity (+4).
   +Inv:      It lets you turn invisible.
   +Blink:    It lets you blink.
 Q - the amulet "Xenk" {Regen+ Int+3 Dex+2 Stlth+}
   (You found it on level 3 of the Depths)

   [amulet of regeneration]

   Int:       It affects your intelligence (+3).
   Dex:       It affects your dexterity (+2).
   Regen:     It increases your rate of health regeneration.
   Stlth:     It makes you more stealthy.
 V - the amulet of Fyemmair {Spirit Str+3 Slay+6}
   (You found it on level 5 of the Pits of Slime)

   [amulet of guardian spirit]

   It causes incoming damage to be divided between your reserves of health and
   magic.
   Str:       It affects your strength (+3).
   Slay:      It affects your accuracy & damage with ranged weapons and melee
   (+6).
Wands
 z - a wand of flame (86)
 A - a wand of mindburst (34)
 M - a wand of digging (31)
 P - a wand of light (24)
 T - a wand of roots (15)
Scrolls
 i - 6 scrolls of blinking
 m - 2 scrolls of summoning
 o - 2 scrolls of enchant armour
 s - 7 scrolls of amnesia
 t - 8 scrolls of poison
 x - 12 scrolls of teleportation
 y - 9 scrolls of fear
 C - 10 scrolls of magic mapping
 R - 3 scrolls of brand weapon
 W - 5 scrolls of fog
 Y - 6 scrolls of immolation
Potions
 d - 5 potions of invisibility
 g - 12 potions of curing
 j - 8 potions of lignification
 k - 9 potions of haste
 n - 9 potions of mutation
 u - 6 potions of magic
 v - a potion of ambrosia
 B - a potion of brilliance
 D - 12 potions of flight
 H - 9 potions of cancellation
 I - 8 potions of might
 O - 3 potions of resistance
 X - 3 potions of berserk rage
Miscellaneous
 e - a phial of floods
 p - a tin of tremorstones (2/2)
 Z - a lightning rod (4/4)


   Skills:
 + Level 19.1 Fighting
 - Level 20.0 Polearms
 - Level 15.0 Armour
 - Level 15.0 Dodging
 - Level 8.0 Stealth
 - Level 8.0 Spellcasting
 - Level 8.0 Conjurations
 - Level 5.0 Translocations
 - Level 5.0 Transmutations
 + Level 16.3 Fire Magic
 - Level 5.0 Air Magic
 - Level 12.0 Poison Magic
 - Level 10.0 Invocations
 + Level 7.9 Evocations


You had 13 spell levels left.
You knew the following spells:

 Your Spells              Type           Power      Damage    Failure   Level
a - Fireball              Conj/Fire      32%        3d14      1%          5
b - Poisonous Vapours     Pois/Air       100%       N/A       1%          2
c - Mephitic Cloud        Conj/Pois/Air  52%        N/A       1%          3
d - Olgreb's Toxic Radia  Pois           64%        N/A       1%          4
e - Ignite Poison         Fire/Tmut/Pois 62%        N/A       1%          3
q - Blink                 Tloc           72%        N/A       1%          2
w - Ignition              Fire           38%        3d11      36%         8

Your spell library contained the following spells:

 Spells                   Type           Power      Damage    Failure   Level
 Scorch                   Fire           100%       2d10      0%          2
 Apportation              Tloc           72%        N/A       1%          1
 Magic Dart               Conj           100%       1d8       1%          1
 Sting                    Tmut/Pois      100%       1d8       1%          1
 Lesser Beckoning         Tloc           72%        N/A       1%          2
 Momentum Strike          Conj/Tloc      88%        3d10      1%          2
 Searing Ray              Conj           100%       2d8       1%          2
 Wereblood                Tmut           36%        N/A       1%          2
 Gell's Gravitas          Tloc           36%        N/A       1%          3
 Kindle Blastsparks       Fire/Tloc/Air  100%       2d18      1%          3
 Spider Form              Tmut/Pois      53%        N/A       1%          3
 Teleport Other           Tloc           36%        N/A       1%          3
 Sticky Flame             Conj/Fire      65%        2d8       1%          4
 Necrotise                Necr           40%        1d6       4%          1
 Alistair's Intoxication  Tmut/Pois      35%        N/A       4%          5
 Iskenderun's Battlesphe  Conj           51%        2d10      5%          5
 Airstrike                Air            18%        2d(3-19)  6%          4
 Manifold Assault         Tloc           36%        N/A       6%          4
 Passage of Golubria      Tloc           36%        N/A       6%          4
 Ensorcelled Hibernation  Hex/Ice        20%        N/A       8%          2
 Sublimation of Blood     Necr           10%        N/A       8%          2
 Fulminant Prism          Conj/Hex       15%        3d10      10%         4
 Lightning Bolt           Conj/Air       22%        1d37      10%         5
 Ozocubu's Armour         Ice            10%        N/A       16%         3
 Vampiric Draining        Necr           10%        2d6       16%         3
 Freezing Cloud           Conj/Ice/Air   16%        6-21      22%         5
 Eringya's Noxious Bog    Tmut/Pois      26%        N/A       22%         6
 Anguish                  Hex/Necr       5%         N/A       43%         4
 Cause Fear               Hex            5%         N/A       43%         4
 Silence                  Hex/Air        11%        N/A       43%         5
 Yara's Violent Unravell  Hex/Tmut       11%        3d6       43%         5
 Conjure Ball Lightning   Conj/Air       22%        3x3d6     45%         6
 Dispersal                Tloc           18%        N/A       65%         6
 Agony                    Necr           10%        N/A       77%         5
 Borgnjor's Vile Clutch   Necr/Erth      5%         N/A       77%         5
 Iron Shot                Conj/Erth      15%        9d4       78%         6
 Orb of Destruction       Conj           25%        9d9       80%         7
 Dragon Form              Tmut           18%        N/A       99%         7
 Enfeeble                 Hex            5%         N/A       100%        7
 Ozocubu's Refrigeration  Ice            5%         4d8       100%        7
 Discord                  Hex            5%         N/A       100%        8
 Disjunction              Tloc           18%        N/A       100%        8
 Lehudib's Crystal Spear  Conj/Erth      15%        10d5      100%        8
 Summon Small Mammal      Summ           Unusable   N/A       N/A         1
 Tukima's Dance           Hex            Unusable   N/A       N/A         3
 Summon Lightning Spire   Summ/Air       Unusable   N/A       N/A         4
 Animate Dead             Necr           Unusable   N/A       N/A         4
 Summon Forest            Summ/Tloc      Unusable   N/A       N/A         5
 Death Channel            Necr           Unusable   N/A       N/A         6
 Spellforged Servitor     Conj/Summ      Unusable   N/A       N/A         7
 Summon Hydra             Summ           Unusable   N/A       N/A         7
 Dragon's Call            Summ           Unusable   N/A       N/A         9

Dungeon Overview and Level Annotations

Branches:
Dungeon (15/15)            Temple (1/1) D:6            Lair (5/5) D:10
  Swamp (4/4) Lair:2       Spider (4/4) Lair:3        Slime (5/5) Lair:4
    Orc (2/2) D:10            Elf (3/3) Orc:2        Vaults (5/5) D:13
  Crypt (0/3) Vaults:3     Depths (4/4) D:15            Zot (0/5) Depths:4
 Bailey (visited)         Volcano (visited)

Altars:
Ashenzari
Cheibriados
Dithmenos
Elyvilon
Fedhas
Gozag
Hepliaklqana
Kikubaaqudgha
Makhleb
Nemelex Xobeh
Okawaru
Qazlal
Ru
Sif Muna
Trog
Uskayaw
Vehumet
Wu Jian
Xom
Yredelemnul
Zin
The Shining One
Jiyva

Shops:
D:6 *   D:14 [   D:15 *   Orc:2 !:=(   Elf:1 !   Elf:2 =::(   Vaults:1 =
Vaults:3 *   Depths:1 *

Portals:
Hell: Depths:1 Depths:2 Depths:3 Depths:4
Abyss: Depths:1 Depths:3
Pandemonium: Depths:1 Depths:2 Depths:4
Ziggurat: Depths:1
Trove: Vaults:3 (give +6 fire dragon scales)

Annotations:
D:5 exclusions: ice beast, 2 jellies and phantom
D:15 1 runed translucent door, Keluf's ghost, journeyman GrFi
Spider:1 1 runed translucent door, STHMFLV's ghost, journeyman DsEE
Elf:2 3 runed translucent doors


Innate Abilities, Weirdness & Mutations

Your serpentine skin is tough. (AC +8)
You have supernaturally acute eyesight. (SInv)
Armour fits poorly on your strangely shaped body.
Your system is resistant to poisons. (rPois)
You cover ground very slowly.
You can exhale a cloud of poison.
You can use your snake-like lower body to constrict enemies.
You have a pair of small horns on your head.
Your magical capacity is low. (-10% MP)
You are weak. (Str -2)
You occasionally lose the ability to drink potions when taking damage.


Message History

The titan is engulfed in noxious fumes.
The titan waves its arms in wide circles.
The air twists around and strikes you!
* * * LOW HITPOINT WARNING * * *
The vault guard is engulfed in noxious fumes.
The phantasmal warrior hits you but does no damage.
The yaktaur captain is engulfed in noxious fumes.
You slice the phantasmal warrior!! You freeze the phantasmal warrior.
You headbutt the phantasmal warrior, but do no damage.
The phantasmal warrior is severely damaged.
The vault guard looks more healthy.
The vault warden looks more healthy.
The vault warden is engulfed in noxious fumes.
The vault guard is engulfed in noxious fumes.
The phantasmal warrior hits you but does no damage.
The titan is engulfed in noxious fumes.
The titan mumbles some strange words.
The titan is healed somewhat.
The yaktaur captain prays for help.
You slash the phantasmal warrior! You freeze the phantasmal warrior.
The phantasmal warrior is almost destroyed.
You hit the phantasmal warrior. You headbutt the phantasmal warrior.
You destroy the phantasmal warrior!
Okawaru accepts your kill.
The hog changes into a blink frog!
The vault warden is engulfed in noxious fumes.
The vault guard is engulfed in noxious fumes.
A freezing wraith comes into view.
The titan is engulfed in noxious fumes.
The titan mumbles some strange words.
The titan is healed somewhat.
The vault warden hits the freezing wraith but does no damage.
The vault warden seems to regain its courage. x2
The blink frog is engulfed in noxious fumes.
The vault warden hits the freezing wraith with a +0 battleaxe!!
The titan is engulfed in noxious fumes.
You are no longer corroded.
The vault warden seems less confused.
The blink frog blinks!
An ironbound convoker comes into view.
It is wielding a +2 mace of venom and carrying a wand of charming (3).
The vault guard hits you with a +3 great sword!
You die...

#p......
#......
#)○§.#
#.pp.
#°p#
#.†#
#.C#
#p.#
#@.#
#..#
#..#
#..#
#..#
#..#
#..#
#..#
#..#


You could see a titan (poisoned), a vault warden (poisoned), 2 vault guards and
an ironbound convoker.

Vanquished Creatures
  the Royal Jelly (Slime:5)
  An ancient lich (Vaults:5)
  4 juggernauts
  Sojobo (Vaults:2)
  Bai Suzhen (Swamp:3)
  Saint Roka (Vaults:5)
  Margery (Vaults:2)
  A caustic shrike (Depths:2)
  A golden dragon (Depths:4)
  Nikola (D:15)
  A bone dragon (Depths:4)
  Rupert (D:13)
  3 tentacled monstrosities (Vaults:5)
  A walking frostbound tome (Depths:2)
  2 deep elf master archers (Elf:3)
  18 acid blobs
  A lich (Depths:4)
  3 titans
  3 quicksilver dragons
  3 deep elf blademasters (Elf:3)
  12 sphinxes
  Kirke (D:14)
  3 storm dragons
  2 shadow dragons
  2 fenstrider witches
  8 tengu reavers
  Donald (Spider:2)
  7 fire giants
  A draconian monk (Depths:4)
  20 azure jellies
  12 rockslimes
  9 emperor scorpions
  A balrug (D:13)
  2 iron dragons
  8 deep elf sorcerers
  16 vault wardens
  A draconian scorcher (Depths:4)
  Louise (Spider:3)
  A ghost moth (Spider:4)
  5 frost giants
  A draconian shifter (Depths:4)
  2 orc warlords
  A deep elf elementalist (Elf:3)
  10 quicksilver oozes
  6 war gargoyles
  18 ironbound preservers
  3 vampire knights
  8 ironbound thunderhulks
  19 stone giants
  21 very ugly things
  A black draconian (Depths:4)
  A green draconian (Depths:4)
  8 eleionomae
  8 deep elf annihilators
  5 deep elf demonologists
  10 dire elephants
  4 bunyips
  8 spark wasps
  Azrael (Elf:1)
  2 purple draconians (Depths:4)
  A crystal guardian (Vaults:4)
  9 ettins
  2 blizzard demons (D:13)
  4 deep elf death magi (Elf:3)
  16 fire dragons
  9 great orbs of eyes
  3 shambling mangroves
  7 entropy weavers
  2 green deaths
  2 rakshasas
  6 deep elf high priests
  8 ice dragons
  The ghost of Adieghoukh the Grappler, a journeyman DrTm of Ru (D:13)
  Harold (D:9)
  37 vault guards
  9 yaktaur captains
  A hell beast (Depths:2)
  3 jorogumos
  5 peacekeepers
  2 ogre magi
  3 ghost crabs
  9 two-headed ogres
  5 ironbound frosthearts
  12 boulder beetles
  4 catoblepae
  10 centaur warriors
  A spriggan skeleton (Depths:3)
  3 spriggan air magi
  20 hydras
  6 radroaches
  13 dancing weapons
  8 death yaks (Lair:5)
  3 vampire magi
  A deep troll earth mage (Depths:4)
  14 alligators
  5 tengu warriors
  3 orc high priests (Orc:2)
  10 deep elf knights
  2 storm dragon zombies
  Sonja (D:13)
  Nergalle (Lair:1)
  A shock serpent (Depths:1)
  3 soul eaters
  12 hell knights
  Amaemon (Lair:3)
  A skeletal warrior (Vaults:3)
  2 sixfirhies
  4 sun moths (Spider:4)
  2 iron trolls (Depths:4)
  3 goliath frogs
  8 pharaoh ants
  3 spriggan druids
  6 orb spiders
  52 deep trolls
  6 wizards
  A flayed ghost (Depths:2)
  3 bog bodies
  16 ironbound convokers
  A tengu zombie (Depths:3)
  2 phantasmal warriors
  Pikel (D:9)
  A glowing orange brain (shapeshifter) (D:11)
  10 lindwurms
  6 necromancers
  10 steelbarb worms
  6 swamp dragons
  2 lindwurms (shapeshifter)
  A spriggan simulacrum (Depths:3)
  6 harpies
  5 shining eyes
  22 wolf spiders
  13 orc knights
  23 deep elf zephyrmancers
  37 ugly things
  12 deep elf archers
  19 deep elf pyromancers
  5 orc sorcerers
  4 will-o-the-wisps
  8 cyclopes
  3 moths of wrath
  11 manticores
  A rust devil (Depths:2)
  21 vault sentinels
  A naga mage (Depths:1)
  Maurice (D:9)
  3 black mambas
  Joseph (D:8)
  2 smoke demons
  2 orange demons
  A guardian serpent (shapeshifter) (Elf:3)
  15 demonic crawlers
  An eye of devastation (shapeshifter) (Vaults:4)
  4 eyes of devastation
  A gargoyle (D:12)
  An unseen horror (D:13)
  8 cane toads
  An efreet (D:14)
  7 torpor snails
  4 kobold demonologists
  20 yaktaurs
  A komodo dragon (Lair:1)
  5 freezing wraiths
  5 tengu conjurers
  4 rime drakes
  A golden dragon simulacrum (Depths:3)
  A human skeleton (Vaults:3)
  2 polar bears
  2 bloated husks
  10 tyrant leeches
  5 meliai (Spider:4)
  12 trolls
  28 hornets
  3 blink frogs (Lair:3)
  20 tarantellas
  Prince Ribbit (Lair:3)
  A blink frog (shapeshifter) (D:14)
  3 hellwings
  A wind drake (shapeshifter) (Vaults:5)
  9 dream sheep
  2 centaur simulacra
  120 slime creatures
  3 wraiths
  18 jumping spiders
  3 water elementals
  A ynoxinul (Depths:1)
  A yak (shapeshifter) (D:14)
  10 spriggans
  6 wyverns
  A basilisk (shapeshifter) (Elf:2)
  5 fire elementals
  A human (D:14)
  2 vampires
  12 golden eyes
  51 yaks
  4 basilisks
  15 culicivoras
  A neqoxec (Depths:1)
  73 redbacks
  19 vampire mosquitoes
  3 hogs (D:14)
  3 chaos spawn
  2 steam dragons
  4 swamp worm simulacra (Swamp:4)
  An elf skeleton (Vaults:3)
  A yaktaur simulacrum (Vaults:3)
  13 swamp worms
  A warg (Orc:1)
  3 acid dragons
  7 water moccasins
  4 hell hounds
  14 hydra simulacra (Swamp:4)
  A sky beast (D:6)
  2 swamp drakes
  An ice beast (D:7)
  3 black bears
  26 orc warriors
  An ogre (shapeshifter) (Depths:3)
  13 centaurs
  9 ogres
  13 wolves
  2 phantoms (D:7)
  3 kobold brigands
  11 bullfrogs
  4 earth elementals
  4 scorpions
  A glowing shapeshifter simulacrum (Vaults:3)
  9 killer bees
  4 electric eels
  4 howler monkeys
  A hound (D:6)
  3 jellies (Lair:4)
  13 orc priests
  Crazy Yiuf (D:3)
  2 gnoll boudas
  2 iguanas
  21 orc wizards
  23 gnolls
  9 adders
  A shadow imp (D:6)
  3 white imps (D:7)
  An ufetubus (D:6)
  4 swamp drake simulacra (Swamp:4)
  A worm (D:2)
  64 orcs
  5 bats
  4 endoplasms
  4 giant cockroaches
  7 goblins
  7 hobgoblins
  9 jackals
  2 quokkas
  2 ball pythons
  4 frilled lizards
  26 kobolds
  3 rats
1839 creatures vanquished.

Vanquished Creatures (collateral kills)
  An ironbound preserver (Vaults:4)
1 creature vanquished.

Vanquished Creatures (others)
  An ice dragon (Depths:1)
  2 bloated husks
  A tyrant leech (Swamp:4)
  A spriggan (Swamp:2)
  An air elemental (Elf:1)
  A water elemental (Elf:2)
  A vampire mosquito (D:15)
  A bush (Elf:2)
  32 foxfires
  12 fungi (Lair:5)
  49 plants
102 creatures vanquished.

Grand Total: 1942 creatures vanquished

Notes
Turn   | Place    | Note
-------+----------+-------------------------------------------
     0 | D:1      | Ceno the Naga Venom Mage began the quest for the Orb.
     0 | D:1      | Reached XP level 1. HP: 15/15 MP: 3/3
   559 | D:1      | Reached XP level 2. HP: 22/22 MP: 5/5
   562 | D:1      | Learned a level 2 spell: Poisonous Vapours
   995 | D:2      | Reached skill level 1 in Air Magic
  1150 | D:2      | Found a faded altar of an unknown god.
  1157 | D:2      | Prayed at the altar of an unknown god.
  1157 | D:2      | Became a worshipper of Warmaster Okawaru
  1157 | D:2      | Reached * piety under Okawaru
  1180 | D:2      | Reached XP level 3. HP: 28/28 MP: 3/6
  1458 | D:2      | Reached skill level 5 in Stealth
  1463 | D:2      | Learned a level 3 spell: Mephitic Cloud
  2075 | D:3      | Found a runed translucent door.
  2076 | D:3      | Noticed Crazy Yiuf
  2087 | D:3      | Killed Crazy Yiuf
  2088 | D:3      | Reached skill level 1 in Fighting
  2088 | D:3      | Reached XP level 4. HP: 26/38 MP: 0/7
  2730 | D:3      | Found a broken altar of Ashenzari.
  2731 | D:3      | Found an ornate altar of the Wu Jian Council.
  2731 | D:3      | Found a white marble altar of Elyvilon.
  2819 | D:3      | Found a radiant altar of Vehumet.
  3021 | D:4      | Reached XP level 5. HP: 44/44 MP: 5/8
  3163 | D:4      | Reached ** piety under Okawaru
  3288 | D:4      | Found a hide-covered altar of Uskayaw.
  3330 | D:4      | Found a blossoming altar of Fedhas.
  3735 | D:4      | Reached skill level 1 in Polearms
  3735 | D:4      | Reached skill level 5 in Poison Magic
  3735 | D:4      | Reached XP level 6. HP: 49/52 MP: 6/9
  3990 | D:5      | Entered Level 5 of the Dungeon
  4521 | D:5      | Reached XP level 7. HP: 55/58 MP: 4/10
  4933 | D:6      | Learned a level 4 spell: Olgreb's Toxic Radiance
  5172 | D:6      | Reached skill level 2 in Polearms
  5172 | D:6      | Reached *** piety under Okawaru
  5173 | D:6      | Reached skill level 5 in Air Magic
  5178 | D:6      | Reached skill level 3 in Polearms
  5250 | D:6      | Found Eribraez's CLEARANCE SALE!.
  5343 | D:6      | Reached skill level 1 in Conjurations
  5343 | D:6      | Reached XP level 8. HP: 68/68 MP: 6/11
  5720 | D:6      | Found a staircase to the Ecumenical Temple.
  5731 | Temple   | Entered the Ecumenical Temple
  5996 | D:6      | Identified the ring of Toceus {EV+5 Str-5 Int+8}
  6261 | D:7      | Reached skill level 4 in Polearms
  6364 | D:7      | Found a flagged portal.
  6428 | Bailey   | Entered a bailey
  6711 | Bailey   | Noticed an orc knight
  6821 | Bailey   | Killed an orc knight
  6821 | Bailey   | Reached **** piety under Okawaru
  6822 | Bailey   | Reached skill level 5 in Polearms
  6822 | Bailey   | Reached XP level 9. HP: 66/80 MP: 0/12
  7116 | D:7      | Reached skill level 5 in Fighting
  7126 | D:7      | Found a shadowy altar of Dithmenos.
  8251 | D:8      | Noticed Joseph
  8274 | D:8      | Killed Joseph
  8275 | D:8      | Reached skill level 6 in Polearms
  8275 | D:8      | Reached skill level 5 in Conjurations
  8783 | D:8      | Reached skill level 1 in Invocations
  9077 | D:8      | Found a broken altar of Ashenzari.
  9079 | D:8      | Found a stormy altar of Qazlal.
  9079 | D:8      | Found an ornate altar of the Wu Jian Council.
  9081 | D:8      | Found a shimmering altar of Xom.
  9081 | D:8      | Found an iron altar of Okawaru.
  9081 | D:8      | Found a sacrificial altar of Ru.
  9136 | D:9      | Identified 2 scrolls of acquirement
  9136 | D:9      | Acquired the +1 barding of the Everdark {rF+ rC+ Regen+
                  | Str+2}
  9317 | D:9      | Noticed a troll
  9330 | D:9      | Killed a troll
  9429 | D:9      | Reached XP level 10. HP: 92/92 MP: 13/13
  9485 | D:9      | Noticed Pikel
  9505 | D:9      | Killed Pikel
  9638 | D:9      | Reached skill level 7 in Polearms
  9951 | D:9      | Noticed a five-headed hydra
  9952 | D:9      | Noticed Harold
  9958 | D:9      | Noticed Maurice
  9981 | D:9      | Killed Maurice
  9981 | D:9      | Reached ***** piety under Okawaru
 10179 | D:9      | Killed a five-headed hydra
 10260 | D:9      | Noticed a manticore
 10268 | D:9      | Killed Harold
 10269 | D:9      | Killed a manticore
 10270 | D:9      | Reached skill level 5 in Invocations
 10362 | D:9      | Reached skill level 8 in Polearms
 10535 | D:9      | Reached XP level 11. HP: 103/103 MP: 15/15
 10820 | D:10     | Entered Level 10 of the Dungeon
 11026 | D:10     | Found a staircase to the Orcish Mines.
 11087 | D:10     | Reached skill level 5 in Dodging
 11120 | D:10     | Noticed a seven-headed hydra
 11130 | Orc:1    | Entered Level 1 of the Orcish Mines
 11156 | Orc:1    | Received a gift from Okawaru
 11249 | Orc:2    | Entered Level 2 of the Orcish Mines
 11394 | Orc:2    | Reached ****** piety under Okawaru
 11511 | Orc:1    | Received a gift from Okawaru
 11723 | Orc:1    | Noticed an orc knight
 11780 | Orc:1    | Noticed a two-headed ogre
 11898 | Orc:2    | Killed a two-headed ogre
 12031 | Orc:1    | Killed an orc knight
 12032 | Orc:1    | Reached skill level 9 in Polearms
 12092 | Orc:1    | Noticed an orc knight
 12108 | Orc:1    | Killed an orc knight
 12558 | Orc:2    | Found a staircase to the Elven Halls.
 12806 | Orc:2    | Noticed an orc high priest
 12813 | Orc:2    | Noticed an orc knight
 12813 | Orc:2    | Noticed an orc knight
 12817 | Orc:2    | Noticed an orc sorcerer
 12820 | Orc:2    | Found Ahakh's Distillery.
 12820 | Orc:2    | Found Ynoomaam's Jewellery Shop.
 12820 | Orc:2    | Noticed an orc knight
 12820 | Orc:2    | Noticed an orc knight
 12820 | Orc:2    | Noticed an orc high priest
 12820 | Orc:2    | Noticed an orc high priest
 12820 | Orc:2    | Noticed an orc sorcerer
 12820 | Orc:2    | Noticed an orc sorcerer
 12821 | Orc:2    | Noticed an orc sorcerer
 12824 | Orc:2    | Noticed a soul eater
 12943 | Orc:2    | Noticed an orc knight
 12959 | Orc:2    | Killed an orc knight
 12960 | Orc:2    | Reached XP level 12. HP: 98/114 MP: 10/17
 13156 | Orc:2    | Killed an orc high priest
 13517 | Orc:2    | Identified the +2 buckler "Xuev Mes" {rF+ Int+3 Slay-2}
                  | (Okawaru gifted it to you on level 2 of the Orcish Mines)
 13517 | Orc:2    | Received a gift from Okawaru
 13642 | Orc:2    | Killed an orc high priest
 13643 | Orc:2    | Reached skill level 10 in Polearms
 13783 | Orc:2    | Killed an orc high priest
 13794 | Orc:2    | Reached skill level 10 in Fighting
 13864 | Orc:2    | Found Risipt's Antique Weapon Emporium.
 13865 | Orc:2    | Found Jitig's Book Shop.
 14156 | D:10     | Killed a seven-headed hydra
 14682 | D:10     | Found a staircase to the Lair.
 15092 | D:11     | Acquired an Everburning Encyclopedia
 15098 | D:11     | Learned a level 3 spell: Ignite Poison
 15137 | D:11     | Noticed a soul eater
 15336 | D:11     | Reached skill level 10 in Invocations
 15340 | D:11     | Gained mutation: You can use your snake-like lower body to
                  | constrict enemies. [Naga growth]
 15340 | D:11     | Reached XP level 13. HP: 117/123 MP: 11/20
 15620 | D:11     | Reached skill level 11 in Polearms
 15620 | D:11     | Reached skill level 1 in Fire Magic
 16396 | Lair:1   | Entered Level 1 of the Lair of Beasts
 16397 | Lair:1   | Noticed Nergalle
 16403 | Lair:1   | Killed Nergalle
 16626 | Lair:1   | Received a gift from Okawaru
 17319 | Lair:1   | Identified the +3 leather armour of Hoankor {rPois rF+
                  | Int-2}
 17459 | Lair:2   | Reached skill level 5 in Fire Magic
 17851 | Lair:2   | Found a staircase to the Swamp.
 17857 | Lair:2   | Identified the +1 robe of the Morning Star {Will+} (Okawaru
                  | gifted it to you on level 2 of the Lair of Beasts)
 17857 | Lair:2   | Received a gift from Okawaru
 17970 | Lair:2   | Found a dark tunnel.
 17979 | Volcano  | Entered a volcano
 18011 | Volcano  | Found a radiant altar of Vehumet.
 18102 | Volcano  | Reached skill level 12 in Polearms
 18197 | Volcano  | Reached skill level 5 in Transmutations
 18197 | Volcano  | Reached XP level 14. HP: 99/132 MP: 1/21
 18351 | Volcano  | Identified the +6 fire dragon scales of Ycwighaw {rF++ rC-
                  | Int+3}
 19035 | Lair:3   | Noticed Amaemon
 19035 | Lair:3   | Noticed Prince Ribbit
 19040 | Lair:3   | Reached skill level 1 in Armour
 19041 | Lair:3   | Killed Prince Ribbit
 19045 | Lair:3   | Killed Amaemon
 19534 | Lair:3   | Identified the +6 plate armour of Cygit {Dex+2} (Okawaru
                  | gifted it to you on level 3 of the Lair of Beasts)
 19534 | Lair:3   | Received a gift from Okawaru
 19589 | Lair:3   | Found a hole to the Spider Nest.
 19787 | Lair:4   | Identified the +2 pair of gloves of Impatience {Will++}
 19936 | Lair:4   | Found a staircase to the Slime Pits.
 19956 | Lair:4   | Found a viscous altar of Jiyva.
 20769 | Lair:5   | Entered Level 5 of the Lair of Beasts
 20967 | Lair:5   | Reached skill level 10 in Dodging
 21556 | Lair:5   | Reached skill level 13 in Polearms
 21608 | Lair:5   | Reached skill level 10 in Poison Magic
 21803 | Lair:5   | Identified the -1 pair of boots of Proximity {rElec rF-
                  | Str+4}
 21804 | Lair:5   | Identified the amulet of Iteak {rPois rF- Regen+ Dex+6}
 22078 | D:10     | Acquired a ring of protection from cold
 22622 | D:12     | Reached XP level 15. HP: 132/138 MP: 17/22
 23360 | D:12     | Got the Atlas of Fire and Gusts
 23717 | D:12     | Reached skill level 5 in Armour
 23822 | D:13     | Found a gate to the Vaults.
 24051 | D:13     | Reached skill level 14 in Polearms
 24115 | D:13     | Noticed Sonja
 24134 | D:13     | Killed Sonja
 24134 | D:13     | Received a gift from Okawaru
 24177 | D:13     | Identified the +5 leather armour of the Will of the Gods
                  | {rPois rC+}
 24378 | D:13     | Noticed Rupert
 24397 | D:13     | Killed Rupert
 24534 | D:13     | Found a runed translucent door.
 24534 | D:13     | Identified the +10 spear of Exchange {heavy, *Noise rPois
                  | Int+3}
 24535 | D:13     | Noticed Adieghoukh's ghost (journeyman DrTm)
 25013 | D:13     | Noticed a balrug
 25027 | D:13     | Killed a balrug
 25140 | D:13     | Found a burning altar of Makhleb.
 25156 | D:13     | Identified the +1 robe of the Skies Above {Fly rF- rCorr
                  | Str+4}
 25772 | D:13     | Identified the +5 scimitar of Tecwuoma {holy, rElec rCorr
                  | SInv Stlth+}
 25990 | D:13     | Killed Adieghoukh's ghost
 26182 | D:14     | Acquired the +1 pair of gloves "Coeriuf" {Fly Regen+ Str+5}
 26231 | D:14     | Found Puelot's Antique Armour Emporium.
 26382 | D:14     | Noticed Kirke
 26405 | D:14     | Noticed a sphinx
 26407 | D:14     | Killed Kirke
 26589 | D:14     | Identified the +8 plate armour of Okawaru, Hurtling {Int+2}
                  | (Okawaru gifted it to you on level 14 of the Dungeon)
 26589 | D:14     | Received a gift from Okawaru
 26883 | D:15     | Entered Level 15 of the Dungeon
 26883 | D:15     | Noticed Keluf's ghost (journeyman GrFi)
 26883 | D:15     | Found a runed translucent door.
 26947 | D:15     | Reached XP level 16. HP: 147/147 MP: 10/23
 27201 | D:15     | Found a staircase to the Depths.
 27359 | D:14     | Reached skill level 15 in Polearms
 27480 | D:15     | Found Kuaxkyfi's General Store.
 27849 | Spider:1 | Entered Level 1 of the Spider Nest
 28046 | Orc:2    | Bought a ring of resist corrosion for 240 gold pieces
 28345 | Spider:1 | Upgraded the game from 0.30-a0-802-gb92711bcdf to
                  | 0.30-a0-808-g6e0788376e
 29161 | Spider:1 | Found a runed translucent door.
 29161 | Spider:1 | Found a shimmering altar of Xom.
 29161 | Spider:1 | Noticed STHMFLV's ghost (journeyman DsEE)
 29789 | Spider:1 | Received a gift from Okawaru
 30723 | Spider:2 | Noticed Donald
 30739 | Spider:2 | Killed Donald
 30740 | Spider:2 | Reached XP level 17. HP: 159/159 MP: 7/24
 31925 | Spider:3 | Reached skill level 16 in Polearms
 32644 | Spider:3 | Noticed Louise
 32653 | Spider:3 | Killed Louise
 33247 | Spider:4 | Entered Level 4 of the Spider Nest
 33924 | Spider:4 | Received a gift from Okawaru
 34794 | Spider:4 | Reached XP level 18. HP: 171/171 MP: 9/25
 34983 | Spider:4 | Got a gossamer rune of Zot
 35362 | Swamp:1  | Entered Level 1 of the Swamp
 35883 | Swamp:1  | Reached skill level 10 in Armour
 36056 | Swamp:1  | Paralysed by a fenstrider witch for 4 turns
 36062 | Swamp:1  | Reached skill level 17 in Polearms
 36535 | Swamp:2  | Identified the +0 cloak of Faluff {rN++} (Okawaru gifted it
                  | to you on level 2 of the Swamp)
 36535 | Swamp:2  | Received a gift from Okawaru
 37253 | Swamp:2  | Paralysed by a fenstrider witch for 4 turns
 37459 | Swamp:3  | Noticed Bai Suzhen
 37489 | Swamp:3  | Killed Bai Suzhen
 38036 | Swamp:4  | Entered Level 4 of the Swamp
 38595 | Swamp:4  | Acquired a book of Party Tricks
 38855 | Swamp:4  | Reached XP level 19. HP: 183/183 MP: 26/26
 38936 | Swamp:4  | Identified the +0 buckler "Yzina" {+Inv rF- Dex-2 SInv}
                  | (Okawaru gifted it to you on level 4 of the Swamp)
 38936 | Swamp:4  | Received a gift from Okawaru
 38983 | Swamp:4  | Got a decaying rune of Zot
 39305 | Swamp:4  | Learned a level 5 spell: Fireball
 39518 | Elf:1    | Entered Level 1 of the Elven Halls
 39736 | Elf:1    | Noticed Azrael
 39795 | Elf:1    | Killed Azrael
 39931 | Elf:1    | Reached skill level 10 in Fire Magic
 40172 | Elf:1    | Found Qingofux's Distillery.
 40814 | Elf:2    | Reached skill level 18 in Polearms
 40927 | Elf:2    | Reached skill level 15 in Fighting
 41142 | Elf:2    | Received a gift from Okawaru
 41571 | Elf:2    | Found Urphuod's Antique Weapon Boutique.
 41633 | Elf:2    | Found Viasinovy's Jewellery Shop.
 41633 | Elf:2    | Found Keimuown's Book Emporium.
 41634 | Elf:2    | Found Jiyselei's Book Emporium.
 41752 | Elf:2    | Found a runed translucent gate.
 41752 | Elf:2    | Found a runed translucent gate.
 41752 | Elf:2    | Found a runed translucent gate.
 41811 | Elf:3    | Entered Level 3 of the Elven Halls
 42617 | Elf:3    | Found a radiant altar of Vehumet.
 42827 | Elf:3    | Reached XP level 20. HP: 161/194 MP: 1/27
 43410 | Elf:3    | Identified the +6 spear of Calculation {venom, rElec}
 43547 | Elf:3    | Identified the +1 robe "Cymynn" {rC- Will+ Archmagi}
 43922 | Elf:3    | Identified the +1 scale mail of the Devil's Team {Fly rElec
                  | rF+ Int+2}
 44059 | Elf:3    | Identified the ring of Jaganask {*Slow rPois rF++ MP+9
                  | SInv}
 44268 | Elf:3    | Found the +6 arbalest "Damnation" {damnation}
 44270 | Elf:3    | Found the +3 pair of seven-league boots {Rampage+∞}
 44321 | Elf:3    | Identified the +1 pair of boots of the Vestibule of Hell
                  | {rN+}
 44679 | Vaults:1 | Entered Level 1 of the Vaults
 44695 | Vaults:1 | Reached skill level 19 in Polearms
 45143 | Vaults:1 | Found Wuehojid's Jewellery Shop.
 46087 | Vaults:1 | Received a gift from Okawaru
 46327 | Vaults:1 | HP: 2/194 [war gargoyle/+0 morningstar[a peacekeeper] (24)]
 46434 | Vaults:1 | Identified the ring "Tofafa Xowne" {Int+2 SInv}
 46445 | Vaults:1 | Identified the +5 mace "Xalosuit" {flame, rF+ Will++ Int+2}
 46968 | Vaults:2 | Noticed Margery
 46976 | Vaults:2 | Killed Margery
 47154 | Vaults:2 | Reached XP level 21. HP: 164/201 MP: 28/28
 47157 | Vaults:2 | Reached skill level 20 in Polearms
 48084 | Vaults:2 | Identified the +3 glaive of Inquiry {drain, Fly rF+ rC+
                  | Dex-4} (Okawaru gifted it to you on level 2 of the Vaults)
 48084 | Vaults:2 | Received a gift from Okawaru
 48497 | Vaults:3 | Noticed Sojobo
 48516 | Vaults:2 | Killed Sojobo
 48786 | Vaults:3 | Found a staircase to the Crypt.
 49272 | Vaults:3 | Learned a level 2 spell: Blink
 49318 | Vaults:3 | Received a gift from Okawaru
 49407 | Vaults:3 | Reached skill level 15 in Fire Magic
 49429 | Vaults:3 | Reached skill level 1 in Translocations
 49813 | Vaults:3 | Reached XP level 22. HP: 144/210 MP: 18/29
 50304 | Vaults:3 | Identified the +1 robe "Varimix" {Str+2 Int+3} (Okawaru
                  | gifted it to you on level 3 of the Vaults)
 50304 | Vaults:3 | Received a gift from Okawaru
 50574 | Vaults:3 | Found a portal to a secret trove of treasure.
 51253 | Vaults:3 | Found Lutemubb's Assorted Antiques.
 51261 | Vaults:3 | Bought shiny storm dragon scales for 2822 gold pieces
 51737 | Vaults:4 | Reached skill level 5 in Translocations
 52093 | Vaults:4 | Identified the ring of the Foremost Demons {Will+ rCorr
                  | Str+3}
 52427 | Vaults:4 | Identified the ring of Puzisa {rElec rCorr Str+4}
 52521 | Vaults:4 | Identified the +8 scale mail of the Black Moon {Fly rF+
                  | rC+++ Stlth-}
 53843 | Depths:1 | Entered Level 1 of the Depths
 53851 | Depths:1 | Noticed Nikola
 53861 | Depths:1 | Reached skill level 15 in Armour
 53869 | D:15     | Killed Nikola
 54102 | Depths:1 | Found a gateway to Hell.
 54110 | Depths:1 | Received a gift from Okawaru
 54154 | Depths:1 | Found a one-way gateway to a ziggurat.
 54356 | Depths:1 | Gained mutation: You occasionally lose the ability to drink
                  | potions when taking damage. [a neqoxec]
 54504 | Depths:1 | Found a one-way gate leading to the halls of Pandemonium.
 54906 | Depths:1 | Found a one-way gate to the infinite horrors of the Abyss.
 54945 | Depths:1 | Reached XP level 23. HP: 223/223 MP: 30/30
 55184 | Depths:1 | Found Kegatiff's Serpentskin Sales.
 55188 | Depths:1 | Reached skill level 5 in Spellcasting
 55851 | Depths:2 | Noticed a caustic shrike
 55862 | Depths:2 | Killed a caustic shrike
 55920 | Depths:2 | Noticed a juggernaut
 55920 | Depths:2 | Noticed a juggernaut
 55927 | Depths:2 | Killed a juggernaut
 55937 | Depths:2 | Killed a juggernaut
 56001 | Depths:2 | Received a gift from Okawaru
 56465 | Depths:3 | Gained mutation: You are weak. (Str -2) [mutagenic glow]
 56483 | Depths:3 | Gained mutation: You sometimes lose your temper in combat.
                  | [mutagenic glow]
 56539 | Depths:3 | Lost mutation: You occasionally lose the ability to drink
                  | potions when taking damage. [potion of mutation]
 56539 | Depths:3 | Lost mutation: You are weak. (Str -2) [potion of mutation]
 56539 | Depths:3 | Gained mutation: Your spells are a little harder to cast,
                  | but a little more powerful. [potion of mutation]
 56539 | Depths:3 | Gained mutation: You are somewhat resistant to further
                  | mutation. [potion of mutation]
 56540 | Depths:3 | Lost mutation: You are somewhat resistant to further
                  | mutation. [potion of mutation]
 56540 | Depths:3 | Lost mutation: You sometimes lose your temper in combat.
                  | [potion of mutation]
 56540 | Depths:3 | Lost mutation: Your spells are a little harder to cast, but
                  | a little more powerful. [potion of mutation]
 56540 | Depths:3 | Gained mutation: You can exhale a cloud of poison. [potion
                  | of mutation]
 56540 | Depths:3 | Gained mutation: You have a pair of small horns on your
                  | head. [potion of mutation]
 56883 | Depths:3 | Noticed a juggernaut
 56893 | Depths:3 | Noticed a juggernaut
 56899 | Depths:3 | Killed a juggernaut
 56900 | Depths:3 | Identified the ring of Gozateamm {Fire Will+ Dex+5}
 56909 | Depths:3 | Killed a juggernaut
 56909 | Depths:3 | Received a gift from Okawaru
 56922 | Depths:3 | HP: 11/225 [fire dragon/blast of flame (5)]
 57089 | Depths:3 | Identified the +5 long sword "Louhen" {chaos, rPois}
 57303 | Depths:3 | Identified the ring "Foph" {rN+ SInv}
 57306 | Depths:3 | Identified the amulet of Kipodder {Acrobat +Blink +Inv
                  | Dex+4}
 57325 | Depths:3 | Identified the amulet "Xenk" {Regen+ Int+3 Dex+2 Stlth+}
 57645 | Depths:4 | Entered Level 4 of the Depths
 57645 | Depths:4 | Noticed a golden dragon
 57710 | Depths:3 | Reached skill level 1 in Evocations
 57795 | Depths:4 | Killed a golden dragon
 58985 | Depths:4 | Received a gift from Okawaru
 59264 | Depths:4 | Reached XP level 24. HP: 213/214 MP: 20/35
 59303 | Depths:4 | Found a gate to the Realm of Zot.
 59877 | Slime:1  | Entered Level 1 of the Pits of Slime
 59883 | Slime:1  | Gained mutation: You occasionally lose the ability to drink
                  | potions when taking damage. [a shining eye]
 61147 | Slime:3  | Reached skill level 5 in Evocations
 61394 | Slime:4  | Received a gift from Okawaru
 61525 | Slime:5  | Entered Level 5 of the Pits of Slime
 61608 | Slime:5  | Gained mutation: You are weak. (Str -2) [a shining eye]
 61744 | Slime:5  | Gained mutation: Your magical capacity is low. (-10% MP) [a
                  | shining eye]
 62137 | Slime:5  | Learned a level 8 spell: Ignition
 62178 | Slime:5  | Noticed the Royal Jelly
 62214 | Slime:5  | Found a viscous altar of Jiyva.
 62238 | Slime:5  | Found the +7 lajatang of Order {silver, rMut}
 62374 | Slime:5  | HP: 7/238 [acid blob[the Royal Jelly] (25)]
 62374 | Slime:5  | HP: 3/238 [acid[the Royal Jelly] (4)]
 62808 | Slime:5  | Killed the Royal Jelly
 63128 | Slime:5  | Identified the +1 triple crossbow of Earthquakes {flame,
                  | *Corrode Str+4 Dex+5}
 63136 | Slime:5  | Identified the +7 hand axe "Ixori" {heavy, Str-2 Int+5}
 63148 | Slime:5  | Identified the +7 rapier "Vemput" {flame, rF- rC+ Will+}
 63157 | Slime:5  | Identified the ring of Iskyni {rCorr Str+2 Dex+4}
 63163 | Slime:5  | Identified the amulet of Fyemmair {Spirit Str+3 Slay+6}
 63167 | Slime:5  | Got a slimy rune of Zot
 63188 | Slime:5  | Identified the +3 morningstar "Xitrir" {antimagic, Dex+2}
 63199 | Slime:5  | Identified the amulet "Ewae" {RegenMP Rampage rElec Slay-3}
 63624 | Vaults:5 | Entered Level 5 of the Vaults
 63947 | Vaults:5 | Received a gift from Okawaru
 64160 | Vaults:5 | Noticed Saint Roka
 64187 | Vaults:5 | Killed Saint Roka
 64310 | Vaults:5 | Noticed an ancient lich
 64320 | Vaults:5 | Killed an ancient lich
 64321 | Vaults:5 | Reached skill level 15 in Dodging
 64321 | Vaults:5 | Reached XP level 25. HP: 135/248 MP: 30/31
 64333 | Vaults:5 | HP: 9/248 [phantasmal warrior (5)]
 64334 | Vaults:5 | HP: 4/248 [titan/the air (8)]
 64339 | Vaults:5 | Slain by a vault guard

Illustrated notes

Levels and vault maps discovered:
D:1:      sevenhm_arrival_forest_fort_small_4, layout_basic
D:2:      layout_basic, ebering_ecumenical_altar_abandoned,
          minmay_misc_feat_roman
D:3:      layout_loops_ring, grunt_temple_overflow_open, uniq_crazy_yiuf_cottage
D:4:      layout_basic, nicolae_overflow_hidden_temple,
          nicolae_uskayaw_dance_hall
D:5:      layout_basic, minmay_strange_pillars
D:6:      lemuel_ice_spiral_2, layout_rooms, minmay_temple_entry_glassed_door,
          nicolae_shop_clearance
D:7:      layout_cave_pods, nicolae_dithmenos_through_a_glass_darkly,
          enter_bailey_2
D:8:      layout_cave_pools, doesnt_xom_only_xom, roderic_roman_lattice,
          uniq_joseph
D:9:      layout_basic, minmay_fractal_squares_gapless_7, uniq_pikel,
          uniq_maurice, uniq_harold
D:10:     minmay_opposing_rooms, layout_cave_pods, lair_entry_dummy
D:11:     layout_long_grid, wad_mini_maze
D:12:     layout_gridville, minmay_mirror_moons_of_madness
D:13:     evilmike_makhleb_hellhole, layout_loops_ring, erik_vaults_2,
          ebering_ghost_funeral_grove, uniq_rupert, uniq_sonja
D:14:     layout_roguey, serial_shops, nicolae_take_the_stairs,
          minmay_misc_feat_secret_circle, uniq_kirke
D:15:     hangedman_depths_entry_civil_slaughter, layout_basic, serial_shops,
          shop, serial_bayou_pond_a, hellmonk_ghost_happy_afterlife
Temple:   eino_temple_water
Lair:1:   layout_big_grid, grunt_megastairs_3, uniq_nergalle
Lair:2:   layout_chaotic_city, nicolae_swamp_entry_splash_gauntlet,
          nicolae_volcano_entry_hallway, serial_bayou_shore_b,
          grunt_megastairs_5
Lair:3:   layout_big_grid, nicolae_spider_entry_lesser_pyramids, uniq_amaemon,
          uniq_prince_ribbit2
Lair:4:   layout_misc_corridors, minmay_slime_entry_pillars,
          serial_bayou_shore_a, grunt_megastairs_1, lemuel_fruit_fields,
          infiniplex_staircase_pool_2
Lair:5:   evilmike_catoblepas_cave, layout_regular_city
Swamp:1:  nicolae_swamp_decorative_isthmus, layout_falls_marsh,
          serial_swamp_ruin, evilmike_swamp_ruin_house_2,
          evilmike_swamp_ruin_house_6, evilmike_swamp_ruin_house_5,
          cheibrodos_swamp_witchery
Swamp:2:  layout_basic_swamp, nicolae_swamp_little_swirl
Swamp:3:  layout_falls_marsh, evilmike_swamp_ruin_house_1,
          infiniplex_staircase_pool, uniq_bai_suzhen
Swamp:4:  swamp_icy, layout_basic_swamp
Spider:1: spiders_nest_scorpion_pit, ebering_ghost_xom
Spider:2: layout_cave_pods, uniq_donald
Spider:3: nicolae_spider_hilbert_zone_6 [nicolae_spider_hilbert_4_sides_1_open,
          nicolae_spider_hilbert_4_sides_1_open,
          nicolae_spider_hilbert_4_sides_1_open,
          nicolae_spider_hilbert_4_sides_1_open,
          nicolae_spider_hilbert_4_sides_1_open,
          nicolae_spider_hilbert_4_sides_1_open,
          nicolae_spider_hilbert_4_sides_1_open], hangedman_spider_mandibles,
          uniq_louise
Spider:4: hellmonk_spider_rune_bug_friends, guppyfry_hornet_nest
Slime:1:  layout_caves
Slime:2:  layout_caves
Slime:3:  layout_caves, nicolae_slime_welcoming_committee
Slime:4:  layout_caves
Slime:5
Orc:1:    layout_diamond_mine
Orc:2:    st_orc_elflike, layout_caves
Elf:1:    minmay_elf_arrival_plus, layout_rooms, serial_shops,
          nicolae_shop_behind_doors, minivault_28, uniq_azrael
Elf:2:    elven_hall_of_blades_hangedman_original
          [nicolae_blade_entry_hurt_lockers], layout_gridlike, serial_shops,
          shop, special_room [special_room_mythical_zoo], minmay_shop_grove
Elf:3:    minmay_elf_hall_furrowed, layout_onion_city, basic_altar
Vaults:1: hangedman_vaults_corner_blocks, nicolae_vaults_angled_halls,
          dpeg_vaults_hating_casters, v_misc_22, v_alt_pattern_6,
          vaults_room_door_hall, v_misc_3, v_pattern_4, vaults_room_semicircle,
          vaults_dpeg_cross, nicolae_vaults_ring_of_whatevers,
          layout_vaults_omnigrid, serial_shops, nicolae_shop_behind_doors
Vaults:2: vaults_room_fours, v_rooms_3, v_misc_9,
          nicolae_vaults_twisting_passages, v_misc_33, vaults_room_boxed,
          ontoclasm_vaults_loading_screen, layout_vaults_ring, uniq_margery
Vaults:3: nicolae_vaults_an_arrangement, grunt_vaults_bifocal,
          vaults_dpeg_hooks, nicolae_vaults_arrows,
          minmay_crypt_entry_simple_box, vaults_mumra_minichess,
          grunt_vaults_trifunnel, v_rooms_5, v_misc_23, v_misc_13,
          vaults_mumra_hexcomb, v_misc_2, vaults_room_semicircle,
          layout_vaults_maze_bifur, enter_trove_0, serial_shops,
          nicolae_square_shop, uniq_sojobo
Vaults:4: nicolae_vaults_network_quinsquares
          [nicolae_vaults_network_quincunx_subvault,
          nicolae_vaults_network_quincunx_subvault,
          nicolae_vaults_network_quincunx_subvault,
          nicolae_vaults_network_quincunx_subvault], vaults_mumra_chevron_long,
          st_greater_box_1, v_alt_pattern_4,
          vaults_standard_mumra_enter_the_diamond, v_misc_30,
          nicolae_vaults_little_ls, ontoclasm_vaults_tryst,
          nicolae_vaults_mini_display_case, nicolae_vaults_shelves_hall,
          vaults_room_fours, vaults_mumra_lcd, layout_vaults_omnibox
Vaults:5: serial_shops, uniq_saint_roka
Depths:1: layout_gridlike, enter_ziggurat_c, abyss_entry_small_statue_room,
          chequers_serial_rivers_small_3, rand_demon_pan_entry_8, hell_entry,
          guppyfry_shop_venom, firewood_loft, uniq_nikola
Depths:2: cheibrodos_leafed_vault, layout_gridville, rand_demon_pan_entry_1,
          hell_entry
Depths:3: minmay_the_grid_triangle_9x9_recursive_3_mashed
          [minmay_the_grid_triangle_9x9_corruption,
          minmay_the_grid_triangle_9x9_zippers_horizontal,
          minmay_the_grid_triangle_9x9_windchime,
          minmay_the_grid_triangle_9x9_prize_special,
          minmay_the_grid_triangle_9x9_minimal,
          minmay_the_grid_triangle_9x9_longest,
          minmay_the_grid_triangle_9x9_corrupted_corridor,
          minmay_the_grid_triangle_9x9_limited_checkers,
          minmay_the_grid_triangle_9x9_warning], layout_basic,
          chequers_serial_rivers_micro_c,
          nicolae_abyss_entry_one_way_or_another, grunt_metal_band,
          infiniplex_staircase_trident
Depths:4: grunt_zot_entry_bicorn, layout_gridlike, hell_entry, pan_entry,
          nicolae_twisting_strands

Skill      XL: |  1  2  3  4  5  6  7  8  9 10 11 12 13 14 15 16 17 18 19 20 21 22 23 24 |
---------------+-------------------------------------------------------------------------+-----
Stealth        | 4 5 7 8 |  8.0
Air Magic      | 1 2 3 4 5 |  5.0
Fighting       | 1 2 4 6 7 9 10 11 13 14 15 16 18 19 | 19.1
Polearms       | 1 3 5 6 8 9 10 12 13 14 15 16 17 18 19 20 | 20.0
Poison Magic   | 5 7 8 11 12 | 12.0
Conjurations   | 1 3 5 7 8 |  8.0
Invocations    | 2 5 7 10 | 10.0
Dodging        | 2 4 6 7 9 10 11 12 13 15 | 15.0
Fire Magic     | 5 7 9 11 13 15 16 | 16.3
Transmutations | 5 |  5.0
Armour         | 4 6 8 9 10 12 13 14 15 | 15.0
Spellcasting   | 4 8 |  8.0
Translocations | 2 5 |  5.0
Evocations     | 3 7 |  7.9

Action                     |  1- 3 |  4- 6 |  7- 9 | 10-12 | 13-15 | 16-18 | 19-21 | 22-24 | 25-27 || total
---------------------------+-------+-------+-------+-------+-------+-------+-------+-------+-------++-------
  Melee: Unarmed           |     3 |       |       |       |       |       |       |       |       ||     3
         Dagger            |    36 |    68 |    48 |       |       |       |       |       |       ||   152
         Trident           |       |       |   123 |    31 |    31 |       |       |       |       ||   185
         Punch             |       |       |     2 |     1 |     1 |       |       |       |       ||     4
         Halberd           |       |       |    58 |   422 |   116 |       |       |       |       ||   596
         Constrict         |       |       |       |       |   115 |   180 |   141 |   109 |     1 ||   546
         Glaive            |       |       |       |       |   548 |  1113 |  1066 |   385 |       ||  3112
         Bardiche          |       |       |       |       |       |       |       |  1170 |    10 ||  1180
         Headbutt          |       |       |       |       |       |       |       |   317 |     5 ||   322
  Throw: Stone             |       |       |       |     7 |    16 |    30 |     7 |     9 |       ||    69
         Throwing net      |       |       |       |       |       |       |       |     1 |       ||     1
   Cast: Sting             |    25 |    15 |    44 |    23 |     5 |       |       |       |       ||   112
         Poisonous Vapours |     8 |    30 |    23 |    75 |   102 |   189 |   131 |    68 |       ||   626
         Olgreb's Toxic Ra |       |       |     7 |    30 |    35 |    79 |    69 |    47 |     1 ||   268
         Mephitic Cloud    |       |       |     7 |    30 |    51 |    38 |    34 |    11 |     1 ||   172
         Ignite Poison     |       |       |       |       |    62 |    44 |    71 |    44 |     1 ||   222
         Fireball          |       |       |       |       |       |       |    40 |   158 |       ||   198
         Ignition          |       |       |       |       |       |       |       |     1 |       ||     1
 Invoke: Heroism           |       |       |     3 |    12 |    23 |    26 |    18 |    20 |       ||   102
         Finesse           |       |       |     1 |     3 |     2 |       |     1 |     2 |     1 ||    10
Ability: Spit Poison       |    25 |    22 |    17 |    26 |    10 |     1 |     2 |       |       ||   103
         Breathe Poison Ga |       |       |       |       |       |       |       |     2 |       ||     2
  Evoke: Wand              |       |       |       |     2 |     1 |    10 |       |       |       ||    13
         Phial of floods   |       |       |       |       |       |     1 |       |       |       ||     1
    Use: Scroll            |       |       |    17 |     9 |    15 |     3 |     3 |    12 |     1 ||    60
         Potion            |       |       |       |     3 |       |     2 |     5 |    17 |     1 ||    28
   Stab: Sleeping          |     1 |     2 |     9 |     1 |     2 |     2 |     8 |    11 |       ||    36
         Confused          |       |       |       |    11 |    11 |     8 |    13 |     3 |       ||    46
         Distracted        |       |       |       |       |       |     2 |       |     2 |       ||     4
 Armour: Robe              |     7 |     6 |       |       |       |       |       |       |       ||    13
         Leather armour    |       |     4 |    40 |   119 |    56 |       |       |       |       ||   219
         Fire dragon scale |       |       |       |       |   207 |  1022 |   646 |  1106 |     8 ||  2989
  Dodge: Dodged            |    22 |    35 |   125 |   250 |   356 |   552 |   376 |   839 |     2 ||  2557
  Block: Other             |       |    11 |    47 |    84 |   128 |   240 |   179 |   141 |       ||   830
         Reflection        |       |       |     2 |     8 |     8 |     5 |    14 |    11 |       ||    48

Table legend: (Time is in decaauts)
 A = Elapsed time spent in this place.
 B = Non-inter-level travel time spent in this place.
 C = Inter-level travel time spent in this place.
 D = Time resting spent in this place.
 E = Time spent auto-exploring this place.
 F = Levels seen in this place.
 G = Mean time per level.
                   A        B        C        D        E       F      G
               +--------+--------+--------+--------+--------+-----+--------+
         Total |  76468 |  71862 |   4606 |  18564 |  31446 |  50 | 1529.4 |
       Dungeon |  23466 |  21646 |   1820 |   4726 |  11780 |  15 | 1564.4 |
        Temple |    265 |    250 |     15 |      0 |    232 |   1 |  265.0 |
          Lair |   7529 |   6515 |   1014 |   1617 |   2653 |   5 | 1505.8 |
         Swamp |   4698 |   4480 |    218 |    857 |   1916 |   4 | 1174.5 |
   Spider Nest |   8002 |   7787 |    215 |   2355 |   2866 |   4 | 2000.5 |
    Slime Pits |   3662 |   3587 |     75 |   1717 |    410 |   5 |  732.4 |
  Orcish Mines |   3990 |   3584 |    406 |   1247 |   1344 |   2 | 1995.0 |
   Elven Halls |   5655 |   5484 |    171 |   1669 |   1474 |   3 | 1885.0 |
        Vaults |  11166 |  10841 |    325 |   2830 |   4976 |   5 | 2233.2 |
        Depths |   6865 |   6522 |    343 |   1108 |   3634 |   4 | 1716.2 |
        Bailey |    690 |    690 |      0 |    288 |     54 |   1 |  690.0 |
       Volcano |    475 |    475 |      0 |    146 |    103 |   1 |  475.0 |
               +--------+--------+--------+--------+--------+-----+--------+

Top non-repeatable levels by time:
Vaults:3: 3150 daAuts
   Elf:3: 3131 daAuts
    D:13: 2854 daAuts
   Orc:2: 2741 daAuts
Vaults:4: 2697 daAuts
Vaults:1: 2614 daAuts
Spider:3: 2362 daAuts
    D:12: 2111 daAuts
Depths:4: 2053 daAuts
     D:9: 1972 daAuts
     D:7: 1972 daAuts
Vaults:2: 1953 daAuts
    D:10: 1943 daAuts
Spider:2: 1940 daAuts
    D:11: 1872 daAuts
